[Event "Titled Tuesday Blitz April 11 Early 2023"]
[White "Vargas Rodriguez, Wilver"]
[Black "Bogaudinov, Rushan"]
[WhiteFideId "3509672"]
[BlackFideId "4129288"]
[WhiteElo "2224"]
[BlackElo "1967"]
[Result "1-0"]
[Round "06"]
[TimeControl "180+2"]
[Date "2023.04.11"]
[WhiteClock "0:00:05"]
[BlackClock "0:01:41"]

1. e4 c5 2. Nf3 e6 3. c3 d5 4. exd5 Qxd5 5. d4 Nc6 6. Bb5 Nf6 7. O-O Be7 8. Re1 O-O 9. c4 Qd8 10. d5 exd5 11. cxd5 Nxd5 12. Bxc6 bxc6 13. Ne5 Bb7 14. Nd2 Bf6 15. Ndc4 Re8 16. Bd2 Qc7 17. Nd3 Ba6 18. Qc2 Nb6 19. Ba5 Bd4 20. Rad1 Bxc4 21. Bxb6 axb6 22. Qxc4 g6 23. a4 h5 24. b3 Kg7 25. h3 Qd7 26. Nf4 Qf5 27. g3 h4 28. Qd3 hxg3 29. Qxg3 Rh8 30. Kg2 Rae8 31. Rxe8 Rxe8 32. Qg4 Qe4+ 33. Qf3 f5 34. Rd3 Kf6 35. Kf1 g5 36. Nh5+ Kg6 37. Ng3 Qxf3 38. Rxf3 f4 39. Ne2 Kf5 40. Rd3 Ke4 41. Rd1 b5 42. Nxd4 cxd4 43. Re1+ Kd3 44. Rxe8 c5 45. axb5 Kc3 46. b6 d3 47. b7 f3 48. b8=Q Kc2 49. Rd8 1-0


[Site "https://www.chess.com"]

[Event "Titled Tuesday Blitz April 11 Early 2023"]
[White "Winkels, Marcel"]
[Black "Rodriguez Santiago, Jaime"]
[WhiteFideId "1003887"]
[BlackFideId "3100898"]
[WhiteElo "1900"]
[BlackElo "2025"]
[Result "0-1"]
[Round "06"]
[TimeControl "180+2"]
[Date "2023.04.11"]
[WhiteClock "0:00:02"]
[BlackClock "0:00:16"]

1. d4 Nf6 2. Nc3 d5 3. Bf4 a6 4. e3 c5 5. Nf3 cxd4 6. exd4 Nc6 7. Bd3 Bg4 8. Be2 e6 9. O-O Be7 10. Ne5 Bxe2 11. Nxe2 Rc8 12. c3 O-O 13. Ng3 b5 14. a3 a5 15. Qe2 Qb6 16. Bg5 Rfd8 17. f4 b4 18. axb4 axb4 19. f5 bxc3 20. bxc3 Nxe5 21. Qxe5 Rxc3 22. Rfb1 Qc7 23. Qe1 h6 24. Bd2 Rc6 25. Rc1 Rxc1 26. Rxc1 Qb6 27. fxe6 fxe6 28. Bc3 Rc8 29. Qe3 Ng4 30. Qf4 Bg5 31. Qxg4 Bxc1 32. Nh5 Bg5 33. Bd2 Rf8 34. h4 Qb1+ 35. Kh2 Qe4 36. Qxe4 dxe4 37. hxg5 hxg5 38. Ng3 Rd8 39. Nxe4 Rxd4 0-1


[Site "https://www.chess.com"]

[Event "Titled Tuesday Blitz April 11 Early 2023"]
[White "Kornyukov, Alexey"]
[Black "Cramling Bellon, Anna"]
[WhiteFideId "4150457"]
[BlackFideId "32009232"]
[WhiteElo "2352"]
[BlackElo "1972"]
[Result "1/2-1/2"]
[Round "06"]
[TimeControl "180+2"]
[Date "2023.04.11"]
[WhiteClock "0:01:08"]
[BlackClock "0:00:32"]

1. e4 c5 2. Nf3 e6 3. c3 Nf6 4. e5 Nd5 5. d4 cxd4 6. cxd4 d6 7. exd6 Bxd6 8. Nc3 Nxc3 9. bxc3 Qc7 10. Bd2 Nc6 11. Bb5 O-O 12. O-O Bd7 13. Bxc6 Bxc6 14. h3 b5 15. Rc1 Qb7 16. Qe2 Ba3 17. Rb1 a6 18. Bc1 Bxc1 19. Rfxc1 Bxf3 20. Qxf3 Qxf3 21. gxf3 Rac8 22. a4 bxa4 23. Rb4 a3 24. Ra4 Rfd8 25. Kg2 g5 26. Rxa3 Rxd4 27. cxd4 Rxc1 28. Rxa6 Rc4 29. Ra5 h6 30. d5 exd5 31. Rxd5 Kg7 1/2-1/2


[Site "https://www.chess.com"]

[Event "Titled Tuesday Blitz April 11 Early 2023"]
[White "Ward, Ieuan C"]
[Black "Wimalasuriya, Kasun M."]
[WhiteFideId "406627"]
[BlackFideId "9906789"]
[WhiteElo "2316"]
[BlackElo "2069"]
[Result "1-0"]
[Round "06"]
[TimeControl "180+2"]
[Date "2023.04.11"]
[WhiteClock "0:00:28"]
[BlackClock "0:01:17"]

1. e4 c5 2. Nf3 g6 3. d4 cxd4 4. c3 d3 5. Bxd3 Bg7 6. O-O Nc6 7. Nbd2 Nf6 8. h3 O-O 9. Qe2 d5 10. Rd1 dxe4 11. Nxe4 Nxe4 12. Bxe4 Qc7 13. Bg5 Be6 14. Bxc6 bxc6 15. Nd4 Bxd4 16. Rxd4 Rfd8 17. Re4 Qd6 18. b3 Rd7 19. c4 Rad8 20. Re1 Kg7 21. Qe3 h5 22. g4 hxg4 23. hxg4 Rh8 24. Bf4 Qd3 25. Be5+ f6 26. Bxf6+ exf6 27. Rxe6 Qxe3 28. R1xe3 Kf7 29. Rxc6 Rh4 30. Rg3 Rh8 31. g5 f5 32. Rf6+ Kg7 33. Kg2 Rh5 34. Ra6 Rf7 35. c5 f4 36. Rg4 f3+ 37. Kg3 Rh1 38. Rf4 Rg1+ 39. Kxf3 Rxg5 40. Rxf7+ Kxf7 41. Rxa7+ Ke6 42. b4 Rf5+ 43. Ke3 Kd5 44. Rg7 g5 45. a4 Kc4 46. Rb7 Re5+ 47. Kf3 Rf5+ 48. Kg3 Rd5 49. a5 Rd4 50. a6 Rd3+ 51. Kg4 Ra3 52. a7 1-0


[Site "https://www.chess.com"]

[Event "Titled Tuesday Blitz April 11 Early 2023"]
[White "Zou, Brendan"]
[Black "Yurasova, Daria"]
[WhiteFideId "3221296"]
[BlackFideId "34146919"]
[WhiteElo "1852"]
[BlackElo "2134"]
[Result "0-1"]
[Round "06"]
[TimeControl "180+2"]
[Date "2023.04.11"]
[WhiteClock "0:00:01"]
[BlackClock "0:00:24"]

1. d4 d5 2. Nc3 Nf6 3. Bf4 Bf5 4. f3 e6 5. g4 Bg6 6. h4 h6 7. h5 Bh7 8. e3 Bd6 9. Nh3 Nbd7 10. Bd3 Bxd3 11. Qxd3 Qe7 12. Nb5 Nb6 13. Bxd6 cxd6 14. Nf4 e5 15. dxe5 dxe5 16. Ne2 O-O 17. O-O-O e4 18. Qa3 Qxa3 19. Nxa3 exf3 20. Nd4 Nxg4 21. Rde1 Rfe8 22. Nxf3 Rxe3 23. Rxe3 Nxe3 24. Nd4 Nbc4 25. Nxc4 Nxc4 26. Re1 Kf8 27. Nf5 d4 28. b3 Ne3 29. Nxd4 Ng4 30. Nf5 Nf6 31. Nd6 b6 32. Nb7 Nxh5 33. Nd6 Nf6 34. Ne4 Re8 0-1


[Site "https://www.chess.com"]

[Event "Titled Tuesday Blitz April 11 Early 2023"]
[White "Zampronha, Wladimir Camilo"]
[Black "Chincholimath, Halsagar"]
[WhiteFideId "2103087"]
[BlackFideId "5022487"]
[WhiteElo "2176"]
[BlackElo "1737"]
[Result "1-0"]
[Round "06"]
[TimeControl "180+2"]
[Date "2023.04.11"]
[WhiteClock "0:00:17"]
[BlackClock "0:00:13"]

1. e4 e5 2. Nf3 Nc6 3. d4 exd4 4. Nxd4 Bc5 5. Be3 Qe7 6. c3 Nf6 7. Nxc6 dxc6 8. Bxc5 Qxc5 9. Bd3 O-O 10. O-O Re8 11. Qc2 Bg4 12. Nd2 Rad8 13. Rfe1 Qd6 14. Re3 Bh5 15. e5 Rxe5 16. Nc4 Rxe3 17. Nxd6 Rxd3 18. Qxd3 Rxd6 19. Qe3 h6 20. f3 Nd5 21. Qxa7 b6 22. Rd1 Re6 23. Kf2 Bg6 24. Re1 Rd6 25. Qa8+ Kh7 26. a4 Nf4 27. Re8 Bc2 28. Rh8+ Kg6 29. Rd8 Re6 30. Rd2 Bf5 31. Qd8 h5 32. g3 Nh3+ 33. Kg2 Re1 34. Rd1 Re2+ 35. Kf1 Rxh2 36. g4 Rf2+ 37. Ke1 Bc2 38. gxh5+ Kxh5 39. Qh8+ Kg5 40. Qxh3 Rh2 41. Qg3+ Kf5 42. Qxh2 Bxd1 43. Kxd1 g5 44. Kd2 g4 45. Qf2 g3 46. Qxg3 f6 47. Qg4+ Ke5 48. Qe4+ Kd6 49. f4 c5 50. Qf5 b5 51. a5 b4 52. c4 c6 53. a6 Kc7 54. a7 Kb6 55. Qxf6 b3 56. Qxc6+ Kxa7 57. Qxc5+ Ka8 58. Qb4 Ka7 59. f5 Ka8 60. f6 Ka7 61. f7 Ka6 62. f8=Q Ka7 63. Qfb8+ 1-0


[Site "https://www.chess.com"]

[Event "Titled Tuesday Blitz April 11 Early 2023"]
[White "Moussard, Jules"]
[Black "Dahlgren, James Allen"]
[WhiteFideId "642908"]
[BlackFideId "22256873"]
[WhiteElo "2610"]
[BlackElo "2162"]
[Result "1-0"]
[Round "06"]
[TimeControl "180+2"]
[Date "2023.04.11"]
[WhiteClock "0:01:22"]
[BlackClock "0:00:34"]

1. b3 e6 2. Bb2 d5 3. Nf3 Nf6 4. e3 c5 5. Be2 Be7 6. O-O O-O 7. d4 Nc6 8. dxc5 Bxc5 9. c4 a6 10. cxd5 exd5 11. Nc3 Be6 12. Rc1 Qe7 13. Na4 Ba7 14. Re1 Rfd8 15. Bxa6 Nb4 16. Bf1 Nxa2 17. Ra1 Nb4 18. Nc3 Ne4 19. Nb5 Bb6 20. Rxa8 Rxa8 21. Nfd4 h6 22. Be2 Qg5 23. Bf3 Ra2 24. Re2 Qh4 25. g3 Qh3 26. Qb1 Ng5 27. Bg2 Qh5 28. f3 Bh3 29. g4 Qh4 30. Nf5 1-0


[Site "https://www.chess.com"]

[Event "Titled Tuesday Blitz April 11 Early 2023"]
[White "dDobravcan"]
[Black "Lenaerts, Lennert"]
[BlackFideId "211435"]
[WhiteElo "2140"]
[BlackElo "2334"]
[Result "0-1"]
[Round "06"]
[TimeControl "180+2"]
[Date "2023.04.11"]
[WhiteClock "0:00:05"]
[BlackClock "0:01:21"]

1. e4 e5 2. Nf3 Nc6 3. Bb5 g6 4. O-O Bg7 5. c3 d6 6. h3 Nf6 7. Re1 O-O 8. d4 Bd7 9. Nbd2 Nxd4 10. Nxd4 exd4 11. Bxd7 dxc3 12. Ba4 cxd2 13. Bxd2 Nd7 14. Rb1 Nc5 15. Bc2 a5 16. Be3 Re8 17. f3 b6 18. b3 Qh4 19. Bf2 Qh5 20. a3 Rad8 21. b4 axb4 22. axb4 Ne6 23. Bb3 Ra8 24. Kh2 Be5+ 25. g3 Ng5 26. f4 Nf3+ 27. Kg2 Nxe1+ 28. Qxe1 Bg7 29. Rc1 Ra3 30. Bd1 Qb5 31. Rxc7 Ra1 32. Qd2 Rxe4 33. Qxd6 Re8 34. Rb7 Rxd1 35. Qxd1 Qc6+ 36. Qf3 Qc2 37. Rxb6 h5 38. Rb7 Re2 39. g4 Bd4 40. gxh5 Rxf2+ 0-1


[Site "https://www.chess.com"]

[Event "Titled Tuesday Blitz April 11 Early 2023"]
[White "Munro, Allan"]
[Black "Kaplan, Avi Harrison"]
[WhiteFideId "7700245"]
[BlackFideId "30934559"]
[WhiteElo "2084"]
[BlackElo "1983"]
[Result "0-1"]
[Round "06"]
[TimeControl "180+2"]
[Date "2023.04.11"]
[WhiteClock "0:00:05"]
[BlackClock "0:00:37"]

1. d4 Na6 2. e4 Nh6 3. f4 d6 4. Nf3 Bg4 5. h3 Bxf3 6. Qxf3 g6 7. Bc4 c6 8. O-O Bg7 9. c3 O-O 10. f5 d5 11. exd5 Nxf5 12. dxc6 Bxd4+ 13. Kh1 Be5 14. Bf4 Bxf4 15. Qxf4 e5 16. Qxe5 Qg5 17. Kh2 Rae8 18. Qf4 Qe7 19. Nd2 Nc5 20. Rae1 Qxe1 21. Rxe1 Rxe1 22. Qf2 Re5 23. Nf3 Ne4 24. Qxa7 Ree8 25. Qxb7 Ned6 26. Qd7 Nxc4 27. c7 Nxb2 28. Ng5 Nh6 29. a4 Nc4 30. Qd5 Nb6 31. Qc6 Nc8 32. a5 Re5 33. h4 Rxa5 34. Qd7 Rc5 35. Ne4 Re5 36. Nf6+ Kg7 0-1


[Site "https://www.chess.com"]

[Event "Titled Tuesday Blitz April 11 Early 2023"]
[White "ajedrez-facil"]
[Black "Mesa Cruz, Juan Carlos"]
[BlackFideId "6423400"]
[WhiteElo "2115"]
[BlackElo "2131"]
[Result "1-0"]
[Round "06"]
[TimeControl "180+2"]
[Date "2023.04.11"]
[WhiteClock "0:00:47"]
[BlackClock "0:00:40"]

1. e4 c5 2. Nf3 d6 3. d4 cxd4 4. Qxd4 Nf6 5. Nc3 Bd7 6. Bc4 Nc6 7. Qd3 Rc8 8. Bb3 g6 9. Bf4 Bg7 10. h3 O-O 11. Rd1 Nb4 12. Qd2 Rxc3 13. Qxc3 Nfd5 14. Qd2 Nxf4 15. Qxf4 Bxb2 16. O-O a5 17. e5 a4 18. Qxb4 axb3 19. exd6 Bf6 20. axb3 Re8 21. Rfe1 Qc8 22. c4 Bc6 23. Nd4 Bxd4 24. Rxd4 exd6 25. Rxe8+ Qxe8 26. Qd2 Qe5 27. Rxd6 Qa1+ 28. Qd1 Qe5 29. Rd8+ Be8 30. Qd7 Kf8 31. Qd6+ Qxd6 32. Rxd6 Ke7 33. Rd4 Bc6 34. f4 Ke6 35. Kf2 h5 36. g4 hxg4 37. hxg4 g5 38. fxg5 Ke5 39. Ke3 b6 40. Rf4 1-0


[Site "https://www.chess.com"]

[Event "Titled Tuesday Blitz April 11 Early 2023"]
[White "Tarnowska, Aleksandra"]
[Black "Jiganchine, Roman"]
[WhiteFideId "1180967"]
[BlackFideId "2603667"]
[WhiteElo "1776"]
[BlackElo "2257"]
[Result "0-1"]
[Round "06"]
[TimeControl "180+2"]
[Date "2023.04.11"]
[WhiteClock "0:00:16"]
[BlackClock "0:00:10"]

1. e4 c6 2. d4 d5 3. Nc3 dxe4 4. Nxe4 Nf6 5. Nxf6+ exf6 6. Nf3 Bd6 7. Be3 O-O 8. Qd2 Bg4 9. Bd3 Re8 10. O-O-O Na6 11. h3 Bxf3 12. gxf3 Nb4 13. Kb1 Bf8 14. Rhg1 Qd5 15. c4 Qh5 16. Rg4 Rad8 17. Rdg1 Nxd3 18. Qxd3 g6 19. R4g3 b5 20. c5 Bxc5 21. Qc3 Qf5+ 22. Ka1 Bf8 23. Qxc6 b4 24. Qc4 Rc8 25. Qb3 a5 26. h4 Ra8 27. Qd1 a4 28. Qb1 Qxb1+ 29. Kxb1 b3 30. h5 Ra5 31. hxg6 fxg6 32. f4 Kf7 33. Rh1 h5 34. Bd2 Rd5 35. axb3 axb3 36. Rxb3 Rxd4 37. Bc3 Rd5 38. Rb6 Rd6 39. Rxd6 Bxd6 40. Rd1 Bxf4 41. Rd7+ Ke6 42. Rg7 Kf5 43. Rf7 Re6 44. Kc2 h4 45. Rh7 g5 46. b4 Re2+ 47. Kd3 Rxf2 48. b5 Rf3+ 49. Kc4 Be5 50. Bxe5 Kxe5 51. Kc5 Rc3+ 52. Kb6 Kf4 53. Ka7 Ra3+ 54. Kb7 Rb3 55. b6 Kg3 56. Kc7 g4 57. Rf7 h3 58. Rxf6 h2 59. Rh6 Kg2 60. Rh4 g3 61. b7 Rxb7+ 62. Kxb7 h1=Q 63. Rc4 Qh7+ 64. Kb6 Qg6+ 65. Kb5 Qf5+ 66. Kb4 Qb1+ 67. Ka5 Qa2+ 68. Kb4 Qxc4+ 69. Kxc4 Kf2 70. Kd3 g2 71. Ke4 Kf1 72. Kd4 g1=Q+ 73. Ke5 Qg2 74. Kd4 Qf2+ 75. Kc3 Qe2 76. Kb4 Qe1+ 77. Kb5 Kf2 78. Ka6 Kf3 79. Kb7 Qe6 80. Kb8 Qd7 81. Ka8 Ke4 82. Kb8 Kd5 83. Ka8 Kc6 84. Kb8 Qb7# 0-1


[Site "https://www.chess.com"]

[Event "Titled Tuesday Blitz April 11 Early 2023"]
[White "Jaivardhan Raj"]
[Black "Rosh Jain"]
[WhiteFideId "25744437"]
[BlackFideId "25789465"]
[WhiteElo "1772"]
[BlackElo "2233"]
[Result "1-0"]
[Round "06"]
[TimeControl "180+2"]
[Date "2023.04.11"]
[WhiteClock "0:00:05"]
[BlackClock "0:00:03"]

1. e4 c5 2. Nf3 d6 3. d4 cxd4 4. Qxd4 Nc6 5. Qe3 Nf6 6. h3 g6 7. c4 Bg7 8. Nc3 O-O 9. Be2 Bd7 10. O-O Rc8 11. Rb1 Qa5 12. a3 Qc5 13. Qd2 Rfd8 14. b4 Qb6 15. Qc2 a6 16. Be3 Qc7 17. Na4 Qb8 18. Nb6 Rc7 19. Nd5 Nxd5 20. exd5 Ne5 21. Nxe5 Bxe5 22. Bb6 Rdc8 23. Bxc7 Qxc7 24. Qd2 Bg7 25. Rbc1 Bf5 26. c5 dxc5 27. Rxc5 Qb8 28. Rxc8+ Qxc8 29. Rc1 Qd7 30. Bf3 h5 31. Qf4 Kh7 32. Rc7 Qa4 33. Qe3 Bf6 34. Rxb7 Qc2 35. Rb8 Qb2 36. Rf8 Kg7 37. Ra8 Qa1+ 38. Kh2 Be5+ 39. g3 Bd4 40. Qe2 Bd3 41. Qxd3 Bxf2 42. Qd1 Qb2 43. Bg2 Be3 44. Qf3 Qe5 45. Re8 h4 46. Rd8 hxg3+ 47. Kh1 Bf2 48. Qd1 Qf6 49. Qf1 Qd4 50. Ra8 Qb6 51. Rxa6 Qb8 52. Ra4 g5 53. Ra5 g4 54. d6 Qxd6 55. Rg5+ Kh6 56. Rxg4 f5 57. Qc1+ Kh7 58. Rh4+ Kg7 59. Qg5+ Kf7 60. Rh7+ Ke6 61. Rh6+ Kd7 62. Rxd6+ exd6 63. Qd2 Ke6 64. b5 Ke5 65. Qd5+ Kf4 66. b6 Ke3 67. Qf3+ Kd2 68. Bf1 Ke1 69. Qe2# 1-0


[Site "https://www.chess.com"]

[Event "Titled Tuesday Blitz April 11 Early 2023"]
[White "Larina, Maria"]
[Black "Hartikainen, Jarmo"]
[WhiteFideId "24113182"]
[BlackFideId "503134"]
[WhiteElo "1848"]
[BlackElo "2054"]
[Result "1-0"]
[Round "06"]
[TimeControl "180+2"]
[Date "2023.04.11"]
[WhiteClock "0:00:23"]
[BlackClock "0:00:20"]

1. e4 c5 2. Nc3 Nc6 3. g3 g6 4. Bg2 Bg7 5. d3 e6 6. Be3 d6 7. Qd2 h6 8. Nge2 Nge7 9. O-O Rb8 10. d4 cxd4 11. Nxd4 a6 12. Rad1 Ne5 13. b3 Ng4 14. h3 Nxe3 15. fxe3 O-O 16. Nce2 Qb6 17. c4 Bd7 18. Kh2 Rbd8 19. Nc3 Bc6 20. Nxc6 Nxc6 21. Ne2 Ne5 22. Nd4 Qc5 23. Rf2 b5 24. cxb5 axb5 25. Rc1 Qb6 26. Qe2 b4 27. Rff1 Qb7 28. Rfd1 Rc8 29. Rxc8 Rxc8 30. Nb5 Qa6 31. Rxd6 Rc6 32. Rxc6 Qxc6 33. Nd4 Qc3 34. Nb5 Nd3 35. Nxc3 bxc3 36. Qxd3 c2 37. Qxc2 1-0


[Site "https://www.chess.com"]

[Event "Titled Tuesday Blitz April 11 Early 2023"]
[White "Sankalan Shah"]
[Black "Sanchez, Robert"]
[WhiteFideId "25600362"]
[BlackFideId "2034360"]
[WhiteElo "2118"]
[BlackElo "1997"]
[Result "1-0"]
[Round "06"]
[TimeControl "180+2"]
[Date "2023.04.11"]
[WhiteClock "0:00:16"]
[BlackClock "0:00:41"]

1. d4 Nf6 2. c4 e6 3. Nc3 Bb4 4. e3 b6 5. Bd2 O-O 6. a3 Be7 7. Bd3 Bb7 8. Nf3 d5 9. O-O Nbd7 10. b4 dxc4 11. Bxc4 Bd6 12. Rc1 a6 13. Re1 e5 14. dxe5 Nxe5 15. Be2 Qe7 16. g3 Rad8 17. Nd4 g6 18. Qa4 c5 19. bxc5 Bxc5 20. Red1 b5 21. Qc2 Bxd4 22. exd4 Nf3+ 23. Bxf3 Bxf3 24. Re1 Qd7 25. Qd3 Ba8 26. Bg5 Qh3 27. f3 Ng4 28. Re2 f6 29. Bf4 Ne5 30. Bxe5 fxe5 31. Ne4 Rxd4 32. Qe3 Bxe4 33. fxe4 Rfd8 34. Rf1 Rd1 35. Rf2 Rxf1+ 36. Rxf1 Qd7 37. Qf3 Qe7 38. h4 Rf8 39. Qb3+ Kg7 40. Rd1 Qc5+ 41. Kg2 Rf2+ 42. Kh3 Qc2 43. Rd7+ Kh6 44. Qxc2 Rxc2 45. Ra7 Rc4 46. Rxa6 Rxe4 47. Rb6 1-0


[Site "https://www.chess.com"]

[Event "Titled Tuesday Blitz April 11 Early 2023"]
[White "Einarsson, Halldor Gretar"]
[Black "NtcPou"]
[WhiteFideId "2300150"]
[WhiteElo "2142"]
[BlackElo "1967"]
[Result "1-0"]
[Round "06"]
[TimeControl "180+2"]
[Date "2023.04.11"]
[WhiteClock "0:00:03"]
[BlackClock "0:00:04"]

1. d4 d5 2. Nf3 c6 3. c4 Nf6 4. Nc3 a6 5. g3 b5 6. b3 g6 7. Bg2 Bg7 8. O-O O-O 9. Ne5 Bb7 10. a4 Nbd7 11. cxd5 Nxd5 12. Bxd5 cxd5 13. f4 b4 14. Na2 a5 15. Bb2 f6 16. Nf3 Re8 17. Nc1 e5 18. fxe5 fxe5 19. e3 e4 20. Nh4 Bh6 21. Ng2 Nf6 22. Ne2 Ng4 23. Nef4 Qd7 24. Qd2 Ba6 25. Rfc1 Rec8 26. Rc5 Rxc5 27. dxc5 Bd3 28. Nxd3 exd3 29. Qxd3 Re8 30. Bd4 Bg7 31. Rf1 Qe6 32. Nf4 Qe4 33. Qxe4 Rxe4 34. Nxd5 Bxd4 35. exd4 Rxd4 36. Ne7+ Kg7 37. c6 Rd2 38. c7 Ne3 39. Re1 Rg2+ 40. Kh1 Rc2 41. Rxe3 Rxc7 42. Nd5 Rc2 43. Re7+ Kh6 44. Nf4 Rc3 45. h4 Rxb3 46. Kh2 Ra3 47. Ne6 Rxa4 48. Ng5 Kh5 49. Kh3 h6 50. g4# 1-0


[Site "https://www.chess.com"]

[Event "Titled Tuesday Blitz April 11 Early 2023"]
[White "rionelG"]
[Black "Lohani, Sujana"]
[BlackFideId "12311987"]
[WhiteElo "2165"]
[BlackElo "1718"]
[Result "1-0"]
[Round "06"]
[TimeControl "180+2"]
[Date "2023.04.11"]
[WhiteClock "0:00:20"]
[BlackClock "0:00:01"]

1. e4 g6 2. d4 Bg7 3. Nc3 d6 4. Be3 c6 5. Qd2 b5 6. O-O-O b4 7. Nce2 Qa5 8. Kb1 Be6 9. Nc1 Nf6 10. f3 h5 11. Nh3 Bxh3 12. gxh3 Nbd7 13. Rg1 c5 14. Rg5 Bh6 15. Rg1 Bxe3 16. Qxe3 cxd4 17. Qxd4 Ne5 18. Be2 O-O 19. f4 Nc6 20. Qc4 Qc5 21. Rxg6+ Kh7 22. Qxc5 dxc5 23. Rg5 Nxe4 24. Bd3 f5 25. Bxe4 fxe4 26. Rdg1 Rf6 27. Rxc5 Raf8 28. Ne2 Nd8 29. Rxh5+ Rh6 30. Re5 Rf7 31. Rxe4 Rxh3 32. Rxb4 Rxh2 33. Nc1 Ne6 34. Nd3 Rg7 35. Re1 Rg6 36. f5 Rgg2 37. fxe6 Rxc2 38. a3 Rcd2 39. Nf4 Kg7 40. Rb7 Kf6 41. Rf1 1-0


[Site "https://www.chess.com"]

[Event "Titled Tuesday Blitz April 11 Early 2023"]
[White "Sarana, Alexey"]
[Black "Hakobyan, Aram"]
[WhiteFideId "24133795"]
[BlackFideId "13306677"]
[WhiteElo "2714"]
[BlackElo "2584"]
[Result "1/2-1/2"]
[Round "07"]
[TimeControl "180+2"]
[Date "2023.04.11"]
[WhiteClock "0:00:06"]
[BlackClock "0:00:05"]

1. d4 g6 2. e4 Bg7 3. Nc3 c5 4. d5 d6 5. Nf3 Nf6 6. Bd3 O-O 7. O-O Bg4 8. h3 Bxf3 9. Qxf3 Nbd7 10. Qd1 Rb8 11. a4 a6 12. f4 b5 13. axb5 axb5 14. Qf3 c4 15. Be2 Nc5 16. Be3 b4 17. Nd1 c3 18. Bxc5 cxb2 19. Nxb2 Nd7 20. Ba7 Bxb2 21. Bxb8 Bxa1 22. Ba7 Bg7 23. Qb3 Qa5 24. Bf2 Rc8 25. Bf3 Rc3 26. Qb1 Qa4 27. Be1 Rxc2 28. Qxb4 Qxb4 29. Bxb4 Rb2 30. Be1 Nc5 31. Bh4 Bf6 32. Bxf6 exf6 33. Rd1 Kf8 34. g3 Ke7 35. h4 Rb4 36. Re1 Rb3 37. Kg2 Rb2+ 38. Kf1 Nd3 39. Re2 Rb1+ 40. Kg2 h5 41. Rd2 Rb3 42. Bd1 Rc3 43. Be2 Nc5 44. Bf3 Re3 45. Rd4 Rb3 46. Rd2 Rc3 47. Kf2 Rb3 48. Kg2 Rb4 49. Re2 Nd3 50. Re3 Rb2+ 51. Re2 Rb1 52. Rd2 Nc5 53. Ra2 Rb4 54. Ra7+ Kf8 55. Ra8+ Kg7 56. Rd8 Rb2+ 57. Kg1 Rb3 58. Kg2 Rb2+ 59. Kg1 Rb3 60. Kg2 Rb2+ 1/2-1/2


[Site "https://www.chess.com"]

[Event "Titled Tuesday Blitz April 11 Early 2023"]
[White "Bluebaum, Matthias"]
[Black "Nakamura, Hikaru"]
[WhiteFideId "24651516"]
[BlackFideId "2016192"]
[WhiteElo "2638"]
[BlackElo "2885"]
[Result "0-1"]
[Round "07"]
[TimeControl "180+2"]
[Date "2023.04.11"]
[WhiteClock "0:00:02"]
[BlackClock "0:00:23"]

1. d4 Nf6 2. c4 e6 3. Nc3 Bb4 4. e3 O-O 5. Bd2 c5 6. a3 Bxc3 7. Bxc3 Ne4 8. Ne2 b6 9. d5 Ba6 10. Qd3 f5 11. g3 Nxc3 12. Nxc3 e5 13. d6 Bb7 14. Nd5 Kh8 15. Bg2 e4 16. Qd1 Nc6 17. O-O Ne5 18. b3 Bxd5 19. Qxd5 Qf6 20. b4 Rac8 21. b5 g5 22. a4 Rce8 23. a5 Re6 24. axb6 axb6 25. Rfd1 h5 26. Ra8 Kg7 27. Rxf8 Qxf8 28. h3 h4 29. gxh4 gxh4 30. Kh1 Kh6 31. Qb7 Rxd6 32. Rxd6+ Qxd6 33. Qc8 Kg7 34. Qd8 Qf6 35. Qe8 d6 36. Bf1 Nd3 37. Qd7+ Kh6 38. Be2 Nxf2+ 39. Kg2 Nd3 40. Qc8 f4 41. exf4 Nxf4+ 42. Kf2 Nxh3+ 43. Ke1 Nf4 44. Qg4 e3 45. Bf3 Qc3+ 46. Kf1 Qc1+ 47. Bd1 e2+ 48. Kf2 exd1=N+ 49. Kf3 Qe3# 0-1


[Site "https://www.chess.com"]

[Event "Titled Tuesday Blitz April 11 Early 2023"]
[White "Lazavik, Denis"]
[Black "Vidit, Santosh Gujrathi"]
[WhiteFideId "13515110"]
[BlackFideId "5029465"]
[WhiteElo "2560"]
[BlackElo "2651"]
[Result "1/2-1/2"]
[Round "07"]
[TimeControl "180+2"]
[Date "2023.04.11"]
[WhiteClock "0:00:07"]
[BlackClock "0:00:15"]

1. d4 Nf6 2. c4 e6 3. Nf3 d5 4. g3 dxc4 5. Bg2 c5 6. O-O Nc6 7. dxc5 Qxd1 8. Rxd1 Bxc5 9. Nbd2 c3 10. bxc3 O-O 11. Nb3 Be7 12. c4 Bd7 13. Bb2 Rfc8 14. Rac1 Be8 15. Nfd2 b6 16. c5 Rab8 17. cxb6 axb6 18. Nc4 Nd5 19. e4 Ndb4 20. a3 Na6 21. Nd6 Bxd6 22. Rxd6 Nc5 23. Nxc5 bxc5 24. Rd2 Nd4 25. Bxd4 cxd4 26. Rxc8 Rxc8 27. Rxd4 Rc1+ 28. Bf1 Kf8 29. Kg2 Ra1 30. Rd8 Ke7 31. Ra8 Bc6 32. Ra7+ Kf6 33. f3 Ra2+ 34. Kg1 g5 35. Bd3 h5 36. f4 gxf4 37. gxf4 Rd2 38. e5+ Kg7 39. Bc4 Kg6 40. Rc7 Be4 41. Bf1 Ra2 42. Ra7 h4 43. h3 Bc6 44. Bd3+ Kg7 45. f5 exf5 46. Rxf7+ Kxf7 47. Bc4+ Ke7 48. Bxa2 f4 49. Kf2 Bd7 50. Kg2 Bc6+ 51. Kf2 Bd7 52. Kf3 Bxh3 53. Kxf4 Bd7 54. Bd5 h3 55. Kg3 Be6 56. Bf3 Bd7 57. Bd1 Bf5 58. Bb3 Be6 59. Bc2 Bd7 60. Bd1 Bf5 61. a4 Ke6 62. a5 Kxe5 63. a6 Be4 64. a7 h2 65. Kxh2 Kd6 66. Kg3 Kc7 67. Kf4 Kb6 68. Kxe4 Kxa7 1/2-1/2


[Site "https://www.chess.com"]

[Event "Titled Tuesday Blitz April 11 Early 2023"]
[White "Bortnyk, Olexandr"]
[Black "Durarbayli, Vasif"]
[WhiteFideId "14120828"]
[BlackFideId "13402935"]
[WhiteElo "2734"]
[BlackElo "2551"]
[Result "1-0"]
[Round "07"]
[TimeControl "180+2"]
[Date "2023.04.11"]
[WhiteClock "0:00:18"]
[BlackClock "0:00:02"]

1. d4 d5 2. Nc3 c6 3. Bf4 Bf5 4. e3 e6 5. Nf3 Nd7 6. Bd3 Bg6 7. h4 Ngf6 8. Ne5 Nxe5 9. dxe5 Nd7 10. h5 Bxd3 11. cxd3 h6 12. d4 a6 13. a3 c5 14. O-O cxd4 15. exd4 Rc8 16. Qg4 Qb6 17. Rfd1 Rc4 18. Ne2 Nb8 19. b3 Rc2 20. Rdc1 Rxc1+ 21. Rxc1 Nc6 22. b4 a5 23. Bd2 axb4 24. Bxb4 Rg8 25. Bxf8 Kxf8 26. Qh4 g5 27. hxg6 Rxg6 28. Nf4 Rg8 29. Qxh6+ Ke7 30. Qf6+ Ke8 31. Nh5 Qb2 32. Qf4 1-0


[Site "https://www.chess.com"]

[Event "Titled Tuesday Blitz April 11 Early 2023"]
[White "Duda, Jan-Krzysztof"]
[Black "Korobov, Anton"]
[WhiteFideId "1170546"]
[BlackFideId "14105730"]
[WhiteElo "2790"]
[BlackElo "2638"]
[Result "0-1"]
[Round "07"]
[TimeControl "180+2"]
[Date "2023.04.11"]
[WhiteClock "0:00:03"]
[BlackClock "0:00:41"]

1. e4 c5 2. Nf3 d6 3. d4 cxd4 4. Nxd4 Nf6 5. Nc3 a6 6. h3 e6 7. g4 b5 8. g5 Nfd7 9. a3 Bb7 10. h4 Be7 11. Rg1 Nc6 12. Be2 Rc8 13. Nxc6 Rxc6 14. Qd4 O-O 15. Be3 Ne5 16. h5 Nc4 17. Bxc4 Rxc4 18. Qd3 Qc7 19. O-O-O Rc8 20. Kb1 b4 21. axb4 Rxb4 22. Bd2 Qb6 23. Bc1 a5 24. Rg3 a4 25. g6 fxg6 26. hxg6 h6 27. e5 d5 28. Na2 Rbc4 29. c3 a3 30. Rd2 d4 31. cxd4 Bd5 32. f4 Qc6 33. Qf1 Be4+ 34. Ka1 Rxc1+ 35. Qxc1 Qxc1+ 36. Nxc1 Rxc1+ 37. Ka2 Bb1+ 38. Ka1 Bxg6+ 39. Ka2 Bb1+ 40. Ka1 Be4+ 41. Ka2 axb2 42. Kxb2 Rc4 43. Kb3 Bd5 44. Kb2 Kh7 45. Rd1 g5 46. fxg5 Bxg5 47. Rc3 Rxc3 48. Kxc3 h5 49. Rg1 Kg6 50. Kd3 h4 51. Ke2 h3 0-1


[Site "https://www.chess.com"]